[ AOE2 MATCH · #507193973 ]
UnrankedItalians vs Turks
Player's team · WIN
Rival team · LOSS
[ REPLAY ANALYSIS · EXTRACTED FROM THE RECORDED GAME ]
Feudal
10:15
Castle
—
Imperial
—
| APM avg | 63.9 |
| APM peak | 98 |
| eAPM avg | 19.3 |
| Villagers / military | 27 / 6 |
Focus
⚔️ 33.5% · 🌾 66.5%
Militia ×5 · Archer ×1
Feudal
9:05
Castle
—
Imperial
—
| APM avg | 66.9 |
| APM peak | 94 |
| eAPM avg | 24.2 |
| Villagers / military | 29 / 3 |
Focus
⚔️ 38.0% · 🌾 62.0%
Archer ×3
Match map
Initial resources + every placement click. Lines = walls · curves = elevation contours. ◆ gold · ⬟ stone · ● berries · ✦ relic · ◌ wall gap
Your base· Open — unwalled flank
bruh's base· Open — unwalled flank
Smoothed initial terrain · ◌ = detected wall gap · hover for details
Inputs per minute
— Ux'Uzzi - - bruh
Build order — Ux'Uzzi
57 actions detected in the replay
| 0:00 | Create | Villager (Male) |
| 0:02 | Build | House |
| 0:03 | Build | House |
| 0:05 | Create | Villager (Male) |
| 0:11 | Create | Villager (Male) |
| 0:14 | Create | Villager (Male) |
| 1:24 | Create | Villager (Male) |
| 1:45 | Build | Lumber Camp |
| 2:00 | Create | Villager (Male) |
| 2:15 | Create | Villager (Male) |
| 2:37 | Create | Villager (Male) |
| 3:05 | Create | Villager (Male) |
| 3:49 | Create | Villager (Male) |
| 3:56 | Build | House |
| 4:05 | Create | Villager (Male) |
| 4:35 | Build | Barracks |
| 4:37 | Create | Villager (Male) |
| 4:38 | Create | Villager (Male) |
| 4:59 | Create | Villager (Male) |
| 5:12 | Create | Villager (Male) |
| 5:24 | Build | House |
| 5:33 | Create | Militia |
| 5:46 | Build | House |
| 5:52 | Create | Militia |
| 6:12 | Build | Mill |
| 6:25 | Create | Villager (Male) |
| 6:28 | Create | Villager (Male) |
| 7:07 | Create | Villager (Male) |
| 7:28 | Create | Villager (Male) |
| 7:31 | Build | Lumber Camp |
| 7:36 | Research | Loom |
| 7:58 | Research | Feudal Age |
| 8:06 | Create | Militia |
| 8:30 | Build | Mining Camp |
| 8:57 | Create | Militia |
| 8:57 | Create | Militia |
| 9:18 | Build | House |
| 9:41 | Build | Mill |
| 9:47 | Create | Villager (Male) |
| 10:15 | Age | Feudal Age |
| 10:17 | Research | Man-at-Arms (upgrade) |
| 10:17 | Create | Villager (Male) |
| 10:19 | Research | Double-Bit Axe |
| 10:34 | Build | Farm |
| 10:35 | Build | Farm |
| 10:59 | Create | Villager (Male) |
| 11:07 | Create | Villager (Male) |
| 11:09 | Build | Farm |
| 11:29 | Create | Villager (Male) |
| 11:34 | Build | Archery Range |
| 11:53 | Create | Villager (Male) |
| 11:59 | Build | Farm |
| 12:28 | Create | Villager (Male) |
| 12:30 | Build | Farm |
| 13:00 | Create | Villager (Male) |
| 13:01 | Build | Farm |
| 13:02 | Create | Archer |
Build order — bruh
66 actions detected in the replay
| 0:00 | Create | Villager (Male) |
| 0:00 | Create | Villager (Male) |
| 0:01 | Create | Villager (Male) |
| 0:01 | Create | Villager (Male) |
| 0:02 | Build | House |
| 0:02 | Build | House |
| 1:28 | Create | Villager (Male) |
| 1:29 | Create | Villager (Male) |
| 1:57 | Create | Villager (Male) |
| 2:08 | Create | Villager (Male) |
| 2:19 | Build | Lumber Camp |
| 2:46 | Create | Villager (Male) |
| 2:54 | Create | Villager (Male) |
| 3:18 | Create | Villager (Male) |
| 3:42 | Create | Villager (Male) |
| 4:04 | Build | Mill |
| 4:11 | Create | Villager (Male) |
| 4:30 | Create | Villager (Male) |
| 4:31 | Create | Villager (Male) |
| 4:31 | Create | Villager (Male) |
| 4:37 | Build | House |
| 4:43 | Build | House |
| 4:46 | Research | Loom |
| 4:52 | Create | Villager (Male) |
| 5:18 | Create | Villager (Male) |
| 5:41 | Create | Villager (Male) |
| 5:43 | Create | Villager (Male) |
| 6:32 | Build | Palisade Wall |
| 6:34 | Build | Palisade Wall |
| 6:34 | Build | Palisade Wall |
| 6:35 | Build | Palisade Wall |
| 6:55 | Research | Feudal Age |
| 7:04 | Build | Palisade Wall |
| 7:05 | Build | Palisade Wall |
| 7:06 | Build | Palisade Wall |
| 7:19 | Build | House |
| 7:32 | Build | House |
| 7:34 | Build | Palisade Wall |
| 7:35 | Build | Palisade Wall |
| 8:11 | Build | Barracks |
| 8:41 | Create | Villager (Male) |
| 8:52 | Build | Mining Camp |
| 9:00 | Create | Villager (Male) |
| 9:05 | Age | Feudal Age |
| 9:16 | Create | Villager (Male) |
| 9:36 | Build | Archery Range |
| 10:02 | Research | Double-Bit Axe |
| 10:02 | Research | Double-Bit Axe |
| 10:09 | Build | House |
| 10:19 | Create | Villager (Male) |
| 10:19 | Create | Archer |
| 10:36 | Build | House |
| 10:39 | Create | Villager (Male) |
| 10:54 | Create | Villager (Male) |
| 11:00 | Build | House |
| 11:10 | Build | House |
| 11:12 | Build | House |
| 11:24 | Build | Palisade Wall |
| 11:27 | Create | Villager (Male) |
| 11:31 | Create | Archer |
| 11:36 | Build | Palisade Wall |
| 11:40 | Build | Palisade Wall |
| 11:51 | Create | Villager (Male) |
| 11:52 | Create | Archer |
| 12:07 | Build | House |
| 12:44 | Create | Villager (Male) |
Match timeline
| 4:35 | Ux'Uzzi · first_building Barracks |
| 6:32 | bruh · wall_segment Palisade Wall x1 |
| 6:34 | bruh · wall_segment Palisade Wall x1 |
| 6:34 | bruh · wall_segment Palisade Wall x1 |
| 6:35 | bruh · wall_segment Palisade Wall x1 |
| 7:04 | bruh · wall_segment Palisade Wall x1 |
| 7:05 | bruh · wall_segment Palisade Wall x3 |
| 7:06 | bruh · wall_segment Palisade Wall x2 |
| 7:34 | bruh · wall_segment Palisade Wall x1 |
| 7:35 | bruh · wall_segment Palisade Wall x1 |
| 8:11 | bruh · first_building Barracks |
| 9:05 | bruh · age_up feudal |
| 9:36 | bruh · first_building Archery Range |
| 10:15 | Ux'Uzzi · age_up feudal |
| 11:24 | bruh · wall_segment Palisade Wall x1 |
| 11:34 | Ux'Uzzi · first_building Archery Range |
| 11:36 | bruh · wall_segment Palisade Wall x2 |
| 11:40 | bruh · wall_segment Palisade Wall x1 |
| 13:04 | bruh · resign |
[ AI ANALYSIS · 1 CREDIT ]
What really happened in this match?
Wolo.gg analyzes every decision: build order, eco, micro, common mistakes by bracket. Personalized analysis on WhatsApp or Discord in 30 seconds.
Civ guide
Italians
Perfil
Jugador #21627109